 Dungeon Crawl Stone Soup version 0.29.1-2-gbd0b4ee654 (webtiles) character file.

Game seed: 13005329527929029657

4251 hawla the Frost Mage (level 10, -1/75 HPs)
             Began as a Meteoran Ice Elementalist on Oct 29, 2022.
             Was a High Priest of Vehumet.
             Slain by a warg (4 damage)
             ... on level 8 of the Dungeon on Oct 30, 2022.
             The game lasted 00:26:34 (4661 turns).

hawla the Frost Mage (Meteoran Ice Elementalist)    Turns: 4661, Time: 00:26:34

Health: -1/75      AC:  7    Str:  9    XL:     10   Next: 86%
Magic:  24/25      EV: 14    Int: 21    God:    Vehumet [*****.]
Gold:   509        SH:  0    Dex: 16    Spells: 19/29 levels left

rFire   . . .      SeeInvis .   E - +4 short sword (protect)
rCold   + . .      Faith    .   (no shield)
rNeg    + . .      Spirit   .   a - +1 robe
rPois   .          Reflect  .   o - +0 helmet
rElec   .          Harm     .   x - +0 cloak {rCorr}
rCorr   +          Rampage  .   j - +0 pair of gloves
Will    +....                   p - +0 pair of boots
Stlth   +.........              (no amulet)
HPRegen 0.22/turn               h - ring of protection from cold
MPRegen 0.19/turn               z - ring of positive energy

@: lethally poisoned (-1 -> -10), about to teleport, on blink cooldown, glowing
A: sense surroundings 2, otherworldly, glowing, explore regen
a: Renounce Religion


You were on level 8 of the Dungeon.
You worshipped Vehumet.
Vehumet was extremely pleased with you.
You visited 1 branch of the dungeon, and saw 8 of its levels.
You also visited: Ossuary and Bailey.

You collected 509 gold pieces.

Inventory:

Hand Weapons
 B - a +4 long sword
 E - a +4 short sword of protection (weapon)
Armour
 a - a +1 robe (worn)
 j - a +0 pair of gloves (worn)
 o - a +0 helmet (worn)
 p - a +0 pair of boots (worn)
 r - the +15 Maxwell's patent armour {-Cast -Tele rElec Will+ rCorr}
   (You found it in a bailey)

   rElec:     It insulates you from electricity.
   -Cast:     It prevents spellcasting.
   -Tele:     It prevents most forms of teleportation.
   rCorr:     It protects you from acid and corrosion.
   Will:      It increases your willpower.
 x - a +0 cloak of preservation (worn)
Jewellery
 h - a ring of protection from cold (left hand)
 z - a ring of positive energy (right hand)
Wands
 c - a wand of flame (50)
 g - a wand of charming (7)
Scrolls
 f - a scroll of silence
 l - 2 scrolls of fear
 m - 3 scrolls of butterflies
 q - a scroll of summoning
 v - a scroll of vulnerability
 y - a scroll of teleportation
 D - a scroll of magic mapping
Potions
 b - a potion of magic
 d - 5 potions of curing
 e - a potion of ambrosia
 k - a potion of brilliance
 n - a potion of berserk rage
 s - a potion of haste
 u - a potion of invisibility {unknown}
 w - 3 potions of mutation {unknown}
 A - a potion of attraction {unknown}
 C - a potion of resistance {unknown}
Miscellaneous
 i - a lightning rod (4/4)


   Skills:
 + Level 2.9 Fighting
 + Level 4.6 Short Blades
 + Level 0.2(3.1) Long Blades
 + Level 5.0 Dodging
 - Level 1.4 Stealth
 + Level 10.3 Spellcasting
 + Level 6.2 Conjurations
 + Level 1.1 Translocations
 + Level 10.4 Ice Magic


You had 19 spell levels left.
You knew the following spells:

 Your Spells              Type           Power      Damage    Failure   Level
a - Freeze                Ice            100%       1d11      1%          1
b - Frozen Ramparts       Ice            100%       1d16      1%          3
c - Hailstorm             Conj/Ice       45%        3d10      1%          4
d - Blink                 Tloc           30%        N/A       6%          2

Your spell library contained the following spells:

 Spells                   Type           Power      Damage    Failure   Level
 Yara's Violent Unravell  Hex/Tmut       5%         3d4       41%         5
 Magic Dart               Conj           100%       1d8       1%          1
 Ozocubu's Armour         Ice            53%        N/A       1%          3
 Manifold Assault         Tloc           15%        N/A       73%         5
 Storm Form               Tmut/Air       5%         N/A       100%        7


Dungeon Overview and Level Annotations

Branches:
Dungeon (8/15) Zot: 573    Temple (0/1) D:7            Lair (0/5) D:8
Ossuary (visited)          Bailey (visited)

Altars:
Ashenzari
Kikubaaqudgha
Ru
Sif Muna
Vehumet
Xom
Yredelemnul


Innate Abilities, Weirdness & Mutations

You passively map the area around you.
You are easily found by Zot.
You glow in the dark.
You regain HP and MP as you explore.


Message History

The hail pelts the warg!!
The warg is heavily wounded.
The hail pelts the warg!
The warg is heavily wounded.
The hail pelts the orc wizard!
The orc wizard is almost dead.
The orc misses you.
The orc wizard mumbles some strange words.
The orc wizard flickers and vanishes!
Deactivating autopickup; reactivate with Ctrl-A.
The orc closely misses you.
The orc priest hits you but does no damage.
The orc priest closely misses you. The warg bites you.
The warg barely misses you.
Okay, then.
Casting: Hailstorm (mildly dangerous; 1% risk of failure)
Confirm with . or Enter, or press ? or * to list all spells.
You blink.
The warg bites you!
* * * LOW HITPOINT WARNING * * *
The orc wizard barely misses you.
Unknown command.
Casting: Blink (safe; 6% risk of failure)
Confirm with . or Enter, or press ? or * to list all spells.
You are still too unstable to blink.
As you read the scroll of teleportation, it crumbles to dust.
You feel strangely unstable. The warg bites you.
* * * LOW HITPOINT WARNING * * *
The warg bites you.
* * * LOW HITPOINT WARNING * * *
The orc wizard points at you and mumbles some strange words.
The puff of flame hits you.
* * * LOW HITPOINT WARNING * * *
The orc hits you but does no damage.
You are lethally poisoned!
The orc priest looks encouraged for a moment.
The orc wizard gestures at you while chanting.
The magic dart hits you.
* * * LOW HITPOINT WARNING * * *
The warg bites you.
You die...

, , , , * ,
,,.### ##...## ,
.... ##.....## ,
, .....#.......#
, .....#.......##
,..............#
* ,,
#.....o.....###
,, , *
#.:...oh......#**
, ,
#....@ho....#, ,
, .......oho....#
* ,
,.....#.o.....##
, .... #.......#
* , ,
,*...,,##.....##
* , , *..,
##...## , , . ,
*#?.## ,* , * , ,
#.## , ,,, ,,,
+.. , * ,


You could see 3 wargs, 2 orc priests, 2 orc wizards and 2 orcs.

Vanquished Creatures
  Sigmund (D:2)
  A human (D:6)
  Grum (D:8)
  A steam dragon (D:7)
  A water moccasin (D:6)
  6 orc warriors
  An ice beast (D:6)
  2 black bears
  A centaur (D:5)
  3 wolves (D:8)
  Blork the orc (D:4)
  A kobold brigand (D:6)
  A necrophage (D:6)
  2 gnoll sergeants (D:7)
  2 bullfrogs
  4 water moccasin zombies (Ossuary)
  A wight (D:6)
  10 killer bees
  3 electric eels (D:6)
  A jelly (D:5)
  2 hounds
  3 orc priests
  A gnoll bouda (D:6)
  3 iguanas
  12 orc wizards
  2 mummies (Ossuary)
  12 gnolls
  12 adders
  8 river rats (D:6)
  5 shadow imps
  A white imp (D:6)
  An ufetubus (D:6)
  2 adder zombies (Ossuary)
  2 worms
  3 dart slugs
  45 orcs
  8 ball pythons
  9 endoplasms
  6 giant cockroaches
  9 goblins
  6 hobgoblins
  7 jackals (D:3)
  6 quokkas
  3 bats
  4 frilled lizards
  4 gnoll zombies (Ossuary)
  A goblin zombie (D:6)
  6 hobgoblin zombies (Ossuary)
  11 kobolds
  7 kobold zombies (Ossuary)
  8 orc zombies (Ossuary)
  23 rats
276 creatures vanquished.

Vanquished Creatures (collateral kills)
  A ball python (D:2)
  A goblin (D:2)
2 creatures vanquished.

Vanquished Creatures (others)
  A kobold zombie (D:6)
  6 plants (D:6)
7 creatures vanquished.

Grand Total: 285 creatures vanquished

Notes
Turn   | Place    | Note
-------+----------+-------------------------------------------
     0 | D:1      | hawla the Meteoran Ice Elementalist began the quest for the
                  | Orb.
     0 | D:1      | Reached XP level 1. HP: 14/14 MP: 5/5
    65 | D:1      | Reached XP level 2. HP: 20/20 MP: 2/6
   108 | D:1      | Reached skill level 5 in Ice Magic
   109 | D:1      | Reached XP level 3. HP: 25/26 MP: 4/8
   145 | D:1      | Found a faded altar of an unknown god.
   660 | D:2      | Noticed Sigmund
   665 | D:2      | Killed Sigmund
   666 | D:2      | Reached XP level 4. HP: 15/34 MP: 4/11
   666 | D:2      | Reached XP level 5. HP: 17/39 MP: 4/13
   666 | D:2      | Reached XP level 6. HP: 20/46 MP: 4/14
   676 | D:2      | Learned a level 3 spell: Frozen Ramparts
   685 | D:2      | Learned a level 4 spell: Hailstorm
  1100 | D:2      | Glimpsed the power of Zot.
  1242 | D:3      | Found a shimmering blue altar of Sif Muna.
  1250 | D:3      | Found an ancient bone altar of Kikubaaqudgha.
  1260 | D:3      | Found a radiant altar of Vehumet.
  1263 | D:3      | Reached skill level 1 in Conjurations
  1263 | D:3      | Reached XP level 7. HP: 33/51 MP: 8/15
  1271 | D:3      | Got Vehumet's Lessons on the Salvo
  1272 | D:3      | Became a worshipper of Vehumet
  1688 | D:3      | Glimpsed the power of Zot.
  1799 | D:4      | Reached * piety under Vehumet
  1799 | D:4      | Offered knowledge of Shock by Vehumet.
  2034 | D:4      | Noticed Blork the orc
  2038 | D:4      | Reached skill level 1 in Short Blades
  2038 | D:4      | Reached skill level 5 in Spellcasting
  2040 | D:4      | Killed Blork the orc
  2041 | D:4      | Reached XP level 8. HP: 45/58 MP: 1/16
  2285 | D:4      | Found a sacrificial altar of Ru.
  2287 | D:4      | Glimpsed the power of Zot.
  2337 | D:4      | Glimpsed the power of Zot.
  2348 | D:5      | Entered Level 5 of the Dungeon
  2404 | D:5      | Found a broken altar of Ashenzari.
  2413 | D:5      | Reached skill level 1 in Fighting
  2432 | D:5      | Reached ** piety under Vehumet
  2432 | D:5      | Offered knowledge of Sandblast by Vehumet.
  2525 | D:5      | Found a sand-covered staircase.
  2530 | Ossuary  | Entered an ossuary
  2633 | Ossuary  | Offered knowledge of Conjure Flame by Vehumet.
  2660 | Ossuary  | Gained mutation: You passively map the area around you.
                  | [Meteoran growth]
  2660 | Ossuary  | Reached XP level 9. HP: 40/64 MP: 5/20
  2827 | D:5      | Reached *** piety under Vehumet
  3054 | D:5      | Learned a level 2 spell: Blink
  3055 | D:5      | Glimpsed the power of Zot.
  3164 | D:6      | Offered knowledge of Ignite Poison by Vehumet.
  3221 | D:6      | Reached skill level 5 in Conjurations
  3277 | D:6      | Reached **** piety under Vehumet
  3432 | D:6      | Found a runed translucent door.
  3468 | D:6      | Found a basalt altar of Yredelemnul.
  3477 | D:6      | Offered knowledge of Iskenderun's Battlesphere by Vehumet.
  3484 | D:6      | Reached XP level 10. HP: 42/74 MP: 23/23
  3651 | D:6      | Glimpsed the power of Zot.
  3698 | D:6      | Glimpsed the power of Zot.
  3779 | D:7      | Reached skill level 1 in Translocations
  3808 | D:7      | Found a flagged portal.
  3817 | Bailey   | Entered a bailey
  3883 | Bailey   | Reached ***** piety under Vehumet
  3909 | Bailey   | Offered knowledge of Yara's Violent Unravelling by Vehumet.
  3970 | Bailey   | Found the +15 Maxwell's patent armour {-Cast -Tele rElec
                  | Will+ rCorr}
  4181 | D:7      | Reached skill level 10 in Ice Magic
  4254 | D:7      | Found a staircase to the Ecumenical Temple.
  4350 | D:7      | Found a shimmering altar of Xom.
  4534 | D:6      | Glimpsed the power of Zot.
  4585 | D:6      | Glimpsed the power of Zot.
  4615 | D:8      | Noticed Grum
  4617 | D:8      | Reached skill level 10 in Spellcasting
  4640 | D:8      | Reached skill level 5 in Dodging
  4643 | D:8      | Killed Grum
  4658 | D:8      | Found a staircase to the Lair.
  4661 | D:8      | HP: 3/75 [orc wizard/magic dart (5)]
  4661 | D:8      | Slain by a warg

Illustrated notes

Levels and vault maps discovered:
D:1:      scummos_arrival_simple_fountains, layout_rooms,
          shapermc_ecumenical_altar_notcrosses
D:2:      layout_basic, minmay_increasing_density, uniq_sigmund
D:3:      layout_basic, palyth_temple_overflow_mages, serial_rivers,
          chequers_serial_rivers_small_b, chequers_serial_rivers_small_a,
          chequers_serial_rivers_small_b, chequers_serial_rivers_marsh,
          uniq_crazy_yiuf_cottage
D:4:      layout_gridville, nicolae_ru_great_annihilating_truth,
          uniq_blork_the_orc
D:5:      layout_basic, overflow_temple_1_default, enter_ossuary_5,
          grunt_ministairs_15
D:6:      lemuel_ratsnest, layout_layer_cave, dk_yredelemnul_ordeal,
          serial_bayou, serial_bayou_lagoon_b, serial_bayou_shore_b,
          serial_bayou_shore_b, serial_bayou_pond_b, serial_bayou_ford_a,
          minivault_25
D:7:      layout_cave_pools, nicolae_overflow_crystal_walls,
          minmay_temple_entry_glassed_door, enter_bailey_4
D:8:      layout_basic, nicolae_tso_swordbearing_angel,
          erik_lair_orcish_takeover, lightli_corner_chamber, uniq_grum

Skill      XL: |  1  2  3  4  5  6  7  8  9 10 |
---------------+-------------------------------+-----
Ice Magic      | 5 6 7 8 9 10 | 10.4
Spellcasting   | 4 5 6 8 10 | 10.3
Conjurations   | 1 3 4 5 6 |  6.2
Dodging        | 3 4 5 |  5.0
Short Blades   | 1 2 4 |  4.6
Fighting       | 1 2 |  2.9
Translocations | 1 |  1.1
Long Blades    | |  0.2
Stealth        | |  1.4

Action                   |  1- 3 |  4- 6 |  7- 9 | 10-12 || total
-------------------------+-------+-------+-------+-------++-------
Melee: Unarmed           |     3 |       |       |       ||     3
       Short sword       |       |    13 |   124 |    14 ||   151
       Punch             |       |       |     1 |       ||     1
       Long sword        |       |       |       |     2 ||     2
 Cast: Freeze            |    47 |    15 |    20 |    10 ||    92
       Frozen Ramparts   |       |     9 |    32 |    20 ||    61
       Hailstorm         |       |       |    59 |    47 ||   106
       Blink             |       |       |     2 |     4 ||     6
  Use: Scroll            |     3 |       |     9 |    11 ||    23
       Potion            |       |       |     2 |     2 ||     4
 Stab: Paralysed         |       |       |     1 |       ||     1
Armor: Robe              |     5 |     2 |    42 |    34 ||    83
Dodge: Dodged            |    25 |    18 |    68 |    70 ||   181
